 Dungeon Crawl Stone Soup version 0.17.1-1-g73c8601 (console) character file.

980 Kloppie the Skirmisher (level 7, -2/66 HPs)
             Began as a Centaur Fighter on Dec 11, 2015.
             Slain by an orc warrior
             ... wielding a +0 short sword
              (5 damage)
             ... on level 5 of the Dungeon.
             The game lasted 00:06:27 (6003 turns).

Kloppie the Skirmisher (Centaur Fighter)            Turns: 6003, Time: 00:06:27

Health: -2/66      AC:  7    Str: 18    XL:     7   Next: 96%
Magic:  7/7        EV:  5    Int:  7    God:
Gold:   205        SH:  8    Dex: 11    Spells: 0 memorised, 6 levels left

rFire  . . .     SeeInvis .     a - +0 flail
rCold  . . .     Clarity  .     b - +0 scale mail
rNeg   . . .     SustAt   .     c - +0 shield
rPois  .         Gourm    .     v - +0 helmet
rElec  .         Spirit   .     (no cloak)
rCorr  .         Warding  .     (no gloves)
rMut   .         Stasis   .     (no barding)
MR     .....                    (no amulet)
Stlth  ..........               (no ring)
                                (no ring)

@: drained, very quick, not resistant to hostile enchantments, extremely
unstealthy
A: hooves 3, deformed body, speed 2, tough skin 3
a: no special abilities


You were on level 5 of the Dungeon.
You were not hungry.

You visited 1 branch of the dungeon, and saw 6 of its levels.

You collected 205 gold pieces.

Inventory:

Hand Weapons
 a - a +0 flail (weapon)
Armour
 b - a +0 scale mail (worn)
 c - a +0 shield (worn)
 v - a +0 helmet (worn)
Jewellery
 l - a +1 ring of protection {unknown}
 F - an uncursed ring of wizardry {unknown}
Wands
 m - a wand of polymorph (1)
 x - a wand of teleportation (3)
 z - a wand of random effects (24)
Scrolls
 g - 7 scrolls of identify {unknown}
 k - 3 scrolls of teleportation {unknown}
 n - 2 scrolls of noise {unknown}
 o - 3 scrolls of fear {unknown}
 p - 7 scrolls of remove curse {unknown}
 s - a scroll of amnesia {unknown}
 y - a scroll of enchant armour {unknown}
 C - 2 scrolls of blinking {unknown}
Potions
 d - 2 potions of might
 f - 4 potions of curing {unknown}
 i - a potion of lignification {unknown}
 j - a potion of degeneration {unknown}
 q - 2 potions of brilliance {unknown}
 r - 2 potions of cancellation {unknown}
 t - a potion of magic {unknown}
 w - a potion of ambrosia {unknown}
 D - a potion of agility {unknown}
 E - a potion of resistance {unknown}
 I - a potion of mutation {unknown}
Books
 u - a book of Hinderance

   Spells                             Type                      Level
   a - Confusing Touch                Hexes                        2
   b - Confuse                        Hexes                        3
   c - Gell's Gravitas                Hexes/Translocation          3
   d - Petrify                        Transmutation/Earth          4
   e - Metabolic Englaciation         Hexes/Ice                    5
 B - a book of Changes

   Spells                             Type                      Level
   a - Beastly Appendage              Transmutation                1
   b - Sticks to Snakes               Transmutation                2
   c - Spider Form                    Transmutation/Poison         3
   d - Ice Form                       Ice/Transmutation            4
   e - Blade Hands                    Transmutation                5
Comestibles
 e - 3 bread rations
 h - 2 royal jellies
 A - 2 meat rations
 G - 3 fruits


   Skills:
 + Level 7.3(7.0) Fighting
 + Level 6.0(5.7) Maces & Flails
 - Level 2.1(1.9) Armour
 - Level 2.1(1.9) Shields


You had 6 spell levels left.
You didn't know any spells.

Dungeon Overview and Level Annotations

Branches:
Dungeon (6/15)
 Temple: D:4-7

Altars:
Ashenzari
Gozag
Kikubaaqudgha
Makhleb
Ru
Trog
The Shining One

Shops:
D:6 *


Innate Abilities, Weirdness & Mutations

You have hooves in place of feet.
Armour fits poorly on your strangely shaped body.
You cover ground very quickly.
You have extremely tough skin (AC +3).


Message History

* * * LOW HITPOINT WARNING * * *
You hit the orc warrior but do no damage.
Your kick misses the orc warrior.
The orc warrior is severely wounded.
You block the orc warrior's attack.
The orc hits you from afar with a trident.
* * * LOW HITPOINT WARNING * * *
You hit the orc warrior. Your kick misses the orc warrior.
The orc warrior is severely wounded.
The orc warrior hits you with a short sword!
* * * LOW HITPOINT WARNING * * *
The orc hits you from afar with a trident.
* * * LOW HITPOINT WARNING * * *
The orc warrior hits you with a short sword!
* * * LOW HITPOINT WARNING * * *
The orc barely misses you.
You closely miss the orc warrior.
The orc warrior is severely wounded.
The orc warrior hits you with a short sword.
You die...

#.............# #.###########.#
#.# #.# ########.###########.#
#.....................
#.######.###########.#
############.# #.#.........#..
...........#.######.#.......#.###
................@oo.....>........
##########.#.##.########.##.##...
......................#..........
##########.#.##.#####.#..###.#..#
# #.#.......##.#.......... ######
#.#.#..##.##.#.#####.... ...).#
#.#.#..<#.#......##..... ####.#
#.#.#...#.#..#.#.##...(. # #.##
#.#.#...#.#..#....+.....


You could see an orc warrior and an orc.

Vanquished Creatures
  A phantom (D:4)
  2 centaurs (D:5)
  A giant frog (D:5)
  2 scorpions
  3 crimson imps (D:5)
  A giant frog skeleton (D:4)
  3 orc wizards
  2 orc priests
  Ijyb (D:2)
  2 iguanas (D:5)
  A worker ant (D:5)
  A hound zombie (D:5)
  A hound skeleton (D:5)
  Robin (D:3)
  7 adders
  A shadow imp (D:5)
  An adder zombie (D:5)
  2 adder skeletons
  A worm (D:3)
  19 orcs
  2 ball pythons
  3 giant cockroaches
  9 hobgoblins
  8 kobolds
  A quokka (D:3)
  5 bats
  2 giant geckos
  3 giant newts
  15 goblins
  3 jackals (D:1)
  8 rats
112 creatures vanquished.

Notes
Turn   | Place    | Note
--------------------------------------------------------------
     0 | D:1      | Kloppie the Centaur Fighter began the quest for the Orb.
     0 | D:1      | Reached XP level 1. HP: 19/19 MP: 1/1
   211 | D:1      | Reached XP level 2. HP: 24/26 MP: 2/2
   833 | D:1      | Reached XP level 3. HP: 17/33 MP: 3/3
  1048 | D:2      | Noticed Ijyb
  1145 | D:2      | Killed Ijyb
  1145 | D:2      | Reached skill level 4 in Fighting
  1489 | D:2      | Reached XP level 4. HP: 32/40 MP: 4/4
  2019 | D:3      | Noticed Robin
  2051 | D:3      | Reached XP level 5. HP: 29/47 MP: 5/5
  2057 | D:3      | Killed Robin
  2209 | D:3      | Found a shattered altar of Ashenzari.
  2307 | D:3      | Reached skill level 5 in Fighting
  2567 | D:3      | Found a bloodstained altar of Trog.
  2567 | D:3      | Found a glowing golden altar of the Shining One.
  2568 | D:3      | Found a burning altar of Makhleb.
  2616 | D:3      | Found a sacrificial altar of Ru.
  2851 | D:3      | Found a faded altar to an unknown god.
  3274 | D:4      | Reached XP level 6. HP: 39/56 MP: 6/6
  3519 | D:4      | Found an ancient bone altar of Kikubaaqudgha.
  3759 | D:4      | Noticed a phantom
  3793 | D:4      | Killed a phantom
  4426 | D:5      | Entered Level 5 of the Dungeon
  4470 | D:5      | Reached skill level 6 in Fighting
  4576 | D:5      | Reached skill level 5 in Maces & Flails
  4576 | D:5      | Reached XP level 7. HP: 27/64 MP: 7/7
  4899 | D:5      | Found an opulent altar of Gozag.
  5207 | D:5      | Reached skill level 7 in Fighting
  5907 | D:6      | Found Needghsujouxt's Needful Niceties.
  6002 | D:5      | HP: 2/66 [orc warrior/short sword (9)]
  6003 | D:5      | Slain by an orc warrior

Action                   |  1- 3 |  4- 6 |  7- 9 || total
-------------------------+-------+-------+-------++-------
Melee: Flail             |   110 |   226 |   139 ||   475
       Unarmed           |     6 |       |       ||     6
  Eat: Chunk             |     1 |     9 |     2 ||    12
       Pizza             |       |       |     1 ||     1
